 Dungeon Crawl Stone Soup version 0.28-a0-1435-g82390b3a13 (webtiles) character file.

Game seed: 9125043927789413654

198043 backslashecho the Tortoise (level 17, -10/164 HPs)
             Began as a Minotaur Cinder Acolyte on Jan 9, 2022.
             Was a High Priest of Ignis.
             Killed from afar by Nikola (40 damage)
             ... with an arc of chain lightning
             ... on level 1 of the Spider Nest on Jan 10, 2022.
             The game lasted 01:51:24 (43012 turns).

backslashecho the Tortoise (MiCA)                  Turns: 43012, Time: 01:51:24

Health: -10/164    AC: 28    Str: 28      XL:     17   Next: 80%
Magic:  8/17       EV: 12    Int: 10 (11) God:    Ignis [*****.]
Gold:   494        SH: 18    Dex:  5 (8)  Spells: 18/18 levels left

rFire   + + .      SeeInvis .   a - +1 broad axe (venom)
rCold   + . .      Faith    .   B - +0 tower shield
rNeg    . . .      Spirit   .   h - +1 plate armour {rF+}
rPois   +          Reflect  .   F - +2 hat of the Fletcher {rElec rC+ Str+3 Stlth+}
rElec   +          Harm     .   A - scarf {repulsion}
rCorr   .          Rampage  +   v - +1 pair of gloves
Will    +....                   k - +2 pair of boots {rampage}
Stlth   ..........              N - amulet of Vitality {Regen+ HP+15}
HPRegen 1.17/turn               d - +4 ring of evasion
MPRegen 0.15/turn               H - ring of poison resistance

@: studying Bows, repel missiles
A: horns 2, retaliatory headbutt
}: 1/15 runes: serpentine
a: Renounce Religion, Fiery Armour, Foxfire Swarm, Rising Flame


You were on level 1 of the Spider Nest.
You worshipped Ignis.
Ignis was extremely pleased with you.
You visited 6 branches of the dungeon, and saw 29 of its levels.
You also visited: Gauntlet, Ice Cave and Volcano.

You collected 2603 gold pieces.
You spent 2109 gold pieces at shops.

Inventory:

Hand Weapons
 a - a +1 broad axe of venom (weapon)
 b - a -1 hand axe of flaming
Missiles
 p - 51 poisoned darts
 z - 11 javelins (quivered)
 P - 2 silver javelins
Armour
 h - a +1 plate armour of fire resistance (worn)
 k - a +2 pair of boots of rampaging (worn)
 v - a +1 pair of gloves (worn)
 A - a scarf of repulsion (worn)
 B - a +0 tower shield (worn)
 F - the +2 hat of the Fletcher (worn) {rElec rC+ Str+3 Stlth+}
   (You found it in a Gauntlet)

   Str:       It affects your strength (+3).
   rC:        It protects you from cold.
   rElec:     It insulates you from electricity.
   Stlth:     It makes you more stealthy.
Jewellery
 d - a +4 ring of evasion (left hand)
 r - a ring of protection from fire
 H - a ring of poison resistance (right hand)
 J - a ring of positive energy
 N - the amulet of Vitality (around neck) {Regen+ HP+15}
   (You found it on level 11 of the Dungeon)

   [amulet of regeneration]

   HP:        It affects your health (+15).
   Regen:     It increases your rate of health regeneration.
 Z - the ring of Keruenyi {*Corrode rElec rF+ Int+2 SInv}
   (You bought it in a shop on level 9 of the Dungeon)

   [ring of see invisible]

   Int:       It affects your intelligence (+2).
   rF:        It protects you from fire.
   rElec:     It insulates you from electricity.
   SInv:      It lets you see invisible.
   *Corrode:  It may corrode you when you take damage.
Wands
 o - a wand of digging (9)
 w - a wand of paralysis (10)
 C - a wand of flame (28)
 K - a wand of polymorph (12)
 Q - a wand of iceblast (23)
 R - a wand of mindburst (9)
 W - a wand of acid (7)
 X - a wand of charming (7)
Scrolls
 c - 12 scrolls of identify
 g - 2 scrolls of enchant armour
 m - 2 scrolls of fear
 y - 7 scrolls of teleportation
 L - 2 scrolls of blinking
 O - 4 scrolls of brand weapon
 T - a scroll of summoning
 V - 2 scrolls of magic mapping
Potions
 f - a potion of resistance
 l - a potion of cancellation
 q - 2 potions of flight
 t - 3 potions of might
 u - 6 potions of heal wounds
 D - 8 potions of ambrosia
 E - 8 potions of curing
 G - 2 potions of haste
 I - 4 potions of magic
 M - 4 potions of mutation
 S - 3 potions of invisibility
Miscellaneous
 U - a tin of tremorstones (2/2)


   Skills:
 + Level 13.0 Fighting
 - Level 18.0 Axes
 + Level 12.3 Throwing
 + Level 19.9 Armour
 - Level 5.0 Dodging
 - Level 18.0 Shields
 - Level 1.0 Spellcasting
 - Level 2.1 Fire Magic
 - Level 9.0 Evocations


You had 18 spell levels left.
You didn't know any spells.
Your spell library contained the following spells:

 Spells                   Type           Power      Damage    Failure   Level
 Scorch                   Fire           8%         2d5       94%         2
 Beastly Appendage        Tmut           0%         N/A       99%         1
 Freeze                   Ice            0%         1d3       99%         1
 Magic Dart               Conj           0%         1d3       99%         1
 Sting                    Tmut/Pois      0%         1d3       99%         1
 Poisonous Vapours        Pois/Air       0%         N/A       99%         2
 Searing Ray              Conj           0%         2d4       99%         2
 Sublimation of Blood     Necr           0%         N/A       99%         2
 Wereblood                Tmut           0%         N/A       99%         2
 Confusing Touch          Hex            0%         N/A       100%        3
 Dazzling Flash           Conj/Hex       0%         N/A       100%        3
 Frozen Ramparts          Ice            0%         1d2       100%        3
 Gell's Gravitas          Tloc           0%         N/A       100%        3
 Ignite Poison            Fire/Tmut/Pois 1%         N/A       100%        3
 Mephitic Cloud           Conj/Pois/Air  0%         N/A       100%        3
 Spider Form              Tmut/Pois      0%         N/A       100%        3
 Teleport Other           Tloc           0%         N/A       100%        3
 Tukima's Dance           Hex            0%         N/A       100%        3
 Airstrike                Air            0%         N/A       100%        4
 Fulminant Prism          Conj/Hex       0%         3d6       100%        4
 Hailstorm                Conj/Ice       0%         3d3       100%        4
 Iskenderun's Mystic Bla  Conj/Tloc      0%         2d3       100%        4
 Leda's Liquefaction      Hex/Erth       0%         N/A       100%        4
 Olgreb's Toxic Radiance  Pois           0%         N/A       100%        4
 Passage of Golubria      Tloc           0%         N/A       100%        4
 Summon Lightning Spire   Summ/Air       0%         N/A       100%        4
 Freezing Cloud           Conj/Ice/Air   0%         6-21      100%        5
 Lee's Rapid Deconstruct  Erth           0%         3d5*      100%        5
 Lightning Bolt           Conj/Air       0%         1d11      100%        5
 Summon Forest            Summ/Tloc      0%         N/A       100%        5
 Yara's Violent Unravell  Hex/Tmut       0%         3d3       100%        5
 Dispersal                Tloc           0%         N/A       100%        6
 Starburst                Conj/Fire      1%         6d3       100%        6
 Statue Form              Tmut/Erth      0%         N/A       100%        6
 Dragon Form              Tmut           0%         N/A       100%        7
 Enfeeble                 Hex            0%         N/A       100%        7
 Storm Form               Tmut/Air       0%         N/A       100%        7
 Summon Hydra             Summ           0%         N/A       100%        7
 Borgnjor's Revivificati  Necr           0%         N/A       100%        8
 Necromutation            Tmut/Necr      0%         N/A       100%        8
 Death's Door             Necr           0%         N/A       100%        9


Dungeon Overview and Level Annotations

Branches:
Dungeon (15/15)            Temple (1/1) D:7            Lair (6/6) D:8
  Snake (4/4) Lair:2       Spider (1/4) Lair:4        Slime (0/5) Lair:5
    Orc (2/2) D:9             Elf (0/3) Orc:2        Vaults (0/5) D:13
 Depths (0/4) D:15          IceCv (visited)         Volcano (visited)
Gauntlet (visited)

Altars:
Ashenzari
Cheibriados
Dithmenos
Elyvilon
Fedhas
Gozag
Hepliaklqana
Kikubaaqudgha
Makhleb
Nemelex Xobeh
Okawaru
Qazlal
Ru
Sif Muna
Trog
Uskayaw
Vehumet
Wu Jian
Xom
Yredelemnul
Zin
The Shining One

Shops:
D:4 *   D:5 (   D:9 =   D:10 !   D:11 !   D:12 (   D:14 =   Orc:2 [[((*
Snake:4 [

Annotations:
D:12 3 runed translucent doors, Agauroho's ghost, journeyman GrEE
Lair:2 2 transporters, bande's ghost, journeyman GrFi
Lair:6 exclusion: obsidian statue
Spider:1 Nikola


Innate Abilities, Weirdness & Mutations

You have a pair of horns on your head.
You reflexively headbutt those who attack you in melee.


Message History

Nikola is heavily wounded.
You take 55 damage, and have 93/164 hp.
MASSIVE DAMAGE!!
You slash Nikola!
Nikola is severely wounded.
Nikola hits you with a +1 rapier of electrocution.
You take 2 damage, and have 91/164 hp.
You barely miss Nikola.
Nikola is severely wounded.
Nikola casts a spell.
Nikola blinks!
A redback comes into view.
Nikola casts a spell.
Lightning arcs from Nikola's hands!
The bolt of lightning hits you!!! You resist.
* * * LOW HITPOINT WARNING * * *
A bolt of lightning appears from out of thin air!
The bolt of lightning hits Nikola.
You hear an angry hiss.
You hear a hideous shriek!
You hear an angry hiss. x6
Things that are here:
a +0 hand axe; a +0 leather armour You take 63 damage, and have 29/164 hp.
MASSIVE DAMAGE!!
You are too injured to fight recklessly!
Unknown command.
You are too injured to fight recklessly!
Unknown command.
Okay, then.
Unknown command.
Unknown command.
Okay, then.
Press: ? - help, v - describe, . - travel
Here: Nikola, wielding a +1 rapier of electrocution, wearing a +0 cloak and wearing a +0 pair of gloves (severely wounded, extremely poisoned)
The floor.
Unknown command.
Unknown command.
You closely miss Nikola.
Nikola is severely wounded.
Nikola gestures wildly while chanting.
Lightning arcs from Nikola's hands!
The bolt of lightning hits you!!! You resist.
You die...

### #<####
##@.#.### ##
#@..ยง...# ..#
#.>...s.#..###
##.####......#
### #..(..##
..##### ?...
....# ####.^


You could see Nikola (extremely poisoned) and a redback.

Vanquished Creatures
  Vashnia (Snake:2)
  Jorgrun (D:14)
  6 nagarajas
  A ghost moth (Lair:4)
  Azrael (D:14)
  6 dire elephants
  A minotaur (Gauntlet)
  Snorg (D:14)
  2 salamander tyrants
  10 naga warriors
  4 boulder beetles
  A spriggan skeleton (D:15)
  13 hydras
  11 anacondas
  3 centaur warriors
  2 catoblepae (D:13)
  4 two-headed ogres
  16 death yaks
  2 dancing weapons (D:13)
  A hell hog (Volcano)
  A vampire mage (D:15)
  7 shock serpents
  5 orc high priests (Orc:2)
  12 naga sharpshooters
  12 skeletal warriors
  4 salamander mystics
  A spectral death yak (Lair:6)
  A wretched star (Gauntlet)
  A golden dragon zombie (D:15)
  A spectral anaconda (Lair:6)
  A deep troll (D:11)
  10 naga ritualists
  A lindwurm (Lair:5)
  8 orc knights
  A deep elf pyromancer (D:15)
  10 ugly things
  4 necromancers
  6 cyclopes
  2 wolf spiders
  13 mana vipers
  A stone giant zombie (D:15)
  An oklob plant (Orc:2)
  10 salamanders
  46 black mambas
  3 guardian serpents
  3 ice statues (IceCv)
  23 elephants
  16 naga magi
  6 torpor snails
  9 cane toads
  A spriggan zombie (D:15)
  9 rime drakes
  2 efreet
  A freezing wraith (D:14)
  2 entropy weaver simulacra (IceCv)
  An ice devil (Gauntlet)
  11 komodo dragons
  A tengu conjurer (D:15)
  2 queen bees
  12 meliai
  4 trolls
  3 slime creatures (Lair:5)
  Grinder (D:3)
  21 blink frogs
  3 large abominations (Gauntlet)
  A dire elephant simulacrum (Lair:6)
  A shadow (D:11)
  11 wyverns
  8 basilisks
  A spriggan (D:7)
  40 yaks
  6 small abominations (Gauntlet)
  A wraith (D:8)
  A fire elemental (D:14)
  A yak (shapeshifter) (D:15)
  4 steam dragons
  A vampire mosquito (D:15)
  4 death yak simulacra (Lair:6)
  6 wargs
  2 spectral cane toads (Lair:6)
  54 nagas
  2 acid dragons
  Duvessa (D:6)
  9 hell hounds
  16 water moccasins
  Pargi (D:3)
  39 orc warriors
  3 sky beasts
  4 elephant zombies (Lair:6)
  3 necrophages (D:6)
  A black bear (Lair:2)
  3 ogres
  12 wolves
  3 elephant skeletons (Lair:6)
  2 phantoms
  5 centaurs
  10 bullfrogs
  A wyvern zombie (D:9)
  4 cane toad simulacra
  A gnoll sergeant (D:13)
  A water moccasin zombie (D:5)
  Dowan (D:6)
  2 elephant simulacra
  40 killer bees
  2 electric eels (Lair:4)
  4 wights
  7 howler monkeys
  4 centaur zombies
  41 orc priests
  3 hounds
  3 jellies
  A bullfrog skeleton (D:7)
  Jessica (D:3)
  Natasha (thrice) (D:3)
  2 iguanas
  23 orc wizards
  7 hell rats
  A scorpion zombie (D:5)
  2 polar bear simulacra (IceCv)
  A wolf simulacrum (IceCv)
  3 howler monkey zombies
  7 gnolls
  8 adders
  5 river rats (Lair:5)
  5 white imps
  An ufetubus (D:7)
  3 worms
  2 dart slugs (D:5)
  92 orcs
  6 ball pythons
  4 bats
  10 endoplasms
  A giant cockroach (D:4)
  7 hobgoblins
  2 jackals (D:1)
  5 kobolds
  5 quokkas
  2 frilled lizards
  8 goblins
  14 rats
981 creatures vanquished.

Vanquished Creatures (collateral kills)
  A cane toad (Lair:3)
  A polar bear (Lair:3)
2 creatures vanquished.

Vanquished Creatures (others)
  A wizard (D:15)
  A basilisk (D:8)
  A redback (Spider:1)
  A hell rat (Lair:5)
  An orc (D:9)
  35 fungi
  61 plants
  29 withered plants
130 creatures vanquished.

Grand Total: 1113 creatures vanquished

Notes
Turn   | Place    | Note
-------+----------+-------------------------------------------
     0 | D:1      | backslashecho the Minotaur Cinder Acolyte began the quest
                  | for the Orb.
     0 | D:1      | Reached XP level 1. HP: 19/19 MP: 1/1
   134 | D:1      | Reached XP level 2. HP: 21/27 MP: 2/2
   742 | D:1      | Reached XP level 3. HP: 30/33 MP: 3/3
  1010 | D:2      | Reached skill level 5 in Axes
  1306 | D:2      | Found a faded altar of an unknown god.
  1320 | D:2      | Reached XP level 4. HP: 27/41 MP: 4/4
  1780 | D:3      | Noticed Grinder
  1929 | D:3      | Killed Grinder
  1930 | D:3      | Reached skill level 5 in Fighting
  1930 | D:3      | Reached XP level 5. HP: 39/48 MP: 5/5
  1930 | D:3      | Reached XP level 6. HP: 45/56 MP: 6/6
  2029 | D:3      | Noticed Pargi
  2054 | D:3      | Killed Pargi
  2293 | D:3      | You fall into a shaft and drop 2 floors!
  2293 | D:5      | Entered Level 5 of the Dungeon
  2499 | D:3      | Noticed Jessica
  2503 | D:3      | Killed Jessica
  2558 | D:3      | Noticed Natasha
  2563 | D:3      | Killed Natasha
  2766 | D:3      | Noticed Natasha
  2773 | D:3      | Killed Natasha
  2845 | D:3      | Noticed Natasha
  2853 | D:3      | Killed Natasha
  2906 | D:4      | Found Konatora's Gadget Gallery.
  3079 | D:4      | Reached XP level 7. HP: 61/64 MP: 7/7
  4628 | D:5      | Found Zukuar's Weapon Boutique.
  5113 | D:6      | Reached XP level 8. HP: 47/73 MP: 8/8
  5305 | D:6      | Reached skill level 10 in Axes
  5874 | D:6      | Noticed Dowan
  5914 | D:6      | Killed Dowan
  5944 | D:6      | Noticed Duvessa
  6428 | D:6      | Killed Duvessa
  6853 | D:7      | Reached XP level 9. HP: 81/82 MP: 9/9
  7184 | D:7      | Reached skill level 1 in Armour
  7205 | D:7      | Reached skill level 2 in Armour
  7674 | D:7      | Found a staircase to the Ecumenical Temple.
  7839 | Temple   | Entered the Ecumenical Temple
  8283 | D:8      | Reached skill level 3 in Armour
  8569 | D:8      | Identified the +7 hand axe of Dissolution {vorpal, rPois
                  | Str+3}
  9215 | D:8      | Reached skill level 4 in Armour
  9305 | D:8      | Noticed a komodo dragon
  9316 | D:8      | Killed a komodo dragon
  9526 | D:8      | Reached skill level 5 in Armour
  9558 | D:8      | Reached XP level 10. HP: 22/91 MP: 10/10
  9859 | D:8      | Found a staircase to the Lair.
 10536 | D:9      | Reached skill level 6 in Armour
 10541 | D:9      | Found Houroy's Jewellery Shoppe.
 10842 | D:9      | Reached skill level 15 in Axes
 10946 | D:9      | Found a staircase to the Orcish Mines.
 11578 | D:10     | Entered Level 10 of the Dungeon
 11875 | D:10     | Reached skill level 7 in Armour
 12124 | D:10     | Noticed a two-headed ogre
 12131 | D:10     | Found an opulent altar of Gozag.
 12132 | D:10     | Found a hide-covered altar of Uskayaw.
 12135 | D:10     | Killed a two-headed ogre
 12136 | D:10     | Reached skill level 8 in Armour
 12368 | D:10     | Reached XP level 11. HP: 90/97 MP: 11/11
 12460 | D:10     | Found Miessum's Distillery.
 12471 | D:10     | Bought a potion of invisibility for 96 gold pieces
 12471 | D:10     | Bought a potion of might for 48 gold pieces
 12471 | D:10     | Bought a potion of heal wounds for 60 gold pieces
 12471 | D:10     | Bought a potion of haste for 120 gold pieces
 12471 | D:10     | Bought a potion of might for 48 gold pieces
 12471 | D:10     | Bought a potion of curing for 36 gold pieces
 12471 | D:10     | Bought a potion of degeneration for 12 gold pieces
 12841 | Lair:1   | Entered Level 1 of the Lair of Beasts
 13344 | Lair:1   | Noticed a six-headed hydra
 13382 | Lair:1   | Killed a two-headed hydra
 13383 | Lair:1   | Reached skill level 9 in Armour
 14040 | Lair:2   | Noticed bande's ghost (journeyman GrFi)
 14165 | Lair:2   | Found a transporter.
 14169 | Lair:2   | Found a transporter.
 14190 | Lair:2   | Reached skill level 1 in Shields
 14258 | Lair:2   | Reached skill level 10 in Armour
 14486 | Lair:2   | Reached skill level 5 in Shields
 14715 | Lair:2   | Reached skill level 1 in Throwing
 14771 | Lair:2   | Found a staircase to the Snake Pit.
 15442 | Lair:3   | Reached skill level 11 in Armour
 15442 | Lair:3   | Reached XP level 12. HP: 104/104 MP: 12/12
 15783 | Lair:3   | Noticed a four-headed hydra
 15793 | Lair:3   | Killed a one-headed hydra
 16793 | Lair:4   | Reached skill level 12 in Armour
 16795 | Lair:4   | Got the Compendium of the Three Emperors
 16836 | Lair:4   | Reached skill level 5 in Throwing
 16838 | Lair:4   | Noticed an eight-headed hydra
 16881 | Lair:3   | Killed a one-headed hydra
 17264 | Lair:4   | Reached skill level 13 in Armour
 17325 | Lair:4   | Found a snail-covered altar of Cheibriados.
 17518 | Lair:4   | Found a hole to the Spider Nest.
 17530 | Lair:4   | Reached skill level 14 in Armour
 17902 | Lair:4   | Noticed a seven-headed hydra
 17910 | Lair:4   | Noticed a seven-headed hydra
 17946 | Lair:4   | Killed a one-headed hydra
 17947 | Lair:4   | Reached skill level 15 in Armour
 18240 | Lair:4   | Killed a one-headed hydra
 18241 | Lair:4   | Reached XP level 13. HP: 96/111 MP: 10/13
 18662 | Lair:5   | Found a gate leading to a gauntlet.
 18672 | Gauntlet | Entered a Gauntlet
 18672 | Gauntlet | Found a transporter.
 18681 | Gauntlet | Found a transporter.
 18684 | Gauntlet | Found a transporter.
 18685 | Gauntlet | Found a transporter.
 18693 | Gauntlet | Found a transporter.
 18696 | Gauntlet | Found a transporter.
 18697 | Gauntlet | Found a transporter.
 18705 | Gauntlet | Found a transporter.
 18708 | Gauntlet | Found a transporter.
 18709 | Gauntlet | Found a transporter.
 18717 | Gauntlet | Found a transporter.
 18720 | Gauntlet | Found a transporter.
 18721 | Gauntlet | Found a transporter.
 18725 | Gauntlet | Found a runed translucent door.
 18727 | Gauntlet | Found a runed translucent door.
 18729 | Gauntlet | Found a transporter.
 19276 | Gauntlet | Identified the +2 hat of the Fletcher {rElec rC+ Str+3
                  | Stlth+}
 19532 | Gauntlet | Identified the +7 morningstar of the Final Brambles
                  | {vorpal, rN++}
 19532 | Gauntlet | Noticed a minotaur
 19539 | Gauntlet | Killed a minotaur
 19788 | Lair:5   | Reached skill level 16 in Armour
 20571 | Lair:5   | Found a staircase to the Slime Pits.
 20994 | Lair:6   | Entered Level 6 of the Lair of Beasts
 21061 | Lair:6   | Found a frozen archway.
 21367 | IceCv    | Entered an ice cave
 21417 | IceCv    | Reached skill level 10 in Shields
 22553 | Lair:6   | Reached skill level 17 in Armour
 22568 | Lair:6   | Reached XP level 14. HP: 80/118 MP: 10/14
 24907 | Lair:6   | Reached skill level 18 in Armour
 25122 | Lair:6   | Reached skill level 1 in Dodging
 25705 | Lair:6   | Reached skill level 15 in Shields
 26381 | Lair:6   | Identified the +7 dagger of Saefuy {spect, *Rage rF++
                  | Str+6}
 26826 | Orc:1    | Entered Level 1 of the Orcish Mines
 26941 | Orc:1    | Reached XP level 15. HP: 84/124 MP: 15/15
 26972 | Orc:1    | Found a dark tunnel.
 26984 | Volcano  | Entered a volcano
 28125 | Orc:2    | Entered Level 2 of the Orcish Mines
 28595 | Orc:2    | Found a staircase to the Elven Halls.
 28677 | Orc:2    | Reached skill level 5 in Dodging
 29035 | Orc:2    | Found Peatzem's Antique Armour Shoppe.
 29150 | Orc:2    | Bought a pair of runed gloves for 277 gold pieces
 30365 | Orc:2    | Found Ytylan's Antique Weapon Emporium.
 30368 | Orc:2    | Found Cecekly's Antique Weapon Shoppe.
 30369 | Orc:2    | Found Eba Ymoi's Antique Armour Emporium.
 30370 | Orc:2    | Found Heuvomee's General Store.
 30381 | Orc:2    | Bought a pair of runed boots for 210 gold pieces
 30381 | Orc:2    | Bought an ichor-stained chain mail for 266 gold pieces
 30381 | Orc:2    | Identified the +1 chain mail of Woin Come {Harm rC+ Int+2
                  | Dex+3} (You bought it in a shop on level 2 of the Orcish
                  | Mines)
 30391 | Orc:2    | Bought a scroll of blinking for 112 gold pieces
 31135 | D:11     | Reached skill level 1 in Evocations
 31486 | D:11     | Found the amulet of Vitality {Regen+ HP+15}
 31678 | D:11     | Found Zoogosat's Distillery.
 32010 | D:12     | Found a runed translucent gate.
 32010 | D:12     | Found a runed translucent gate.
 32010 | D:12     | Found a runed translucent gate.
 32011 | D:12     | Noticed Agauroho's ghost (journeyman GrEE)
 32535 | D:12     | Found Vuarips's Weapon Emporium.
 33119 | D:13     | Found a gate to the Vaults.
 33827 | D:14     | Found Caeppaes's Jewellery Shoppe.
 33922 | D:14     | Noticed Azrael
 33927 | D:14     | Killed Azrael
 33932 | D:14     | Noticed Snorg
 33948 | D:14     | Killed Snorg
 34055 | D:14     | Noticed Jorgrun
 34458 | D:14     | Killed Jorgrun
 34459 | D:14     | Reached skill level 10 in Fighting
 34527 | D:14     | Got the Reference Book on Supportive Malediction
 34725 | D:15     | Entered Level 15 of the Dungeon
 35054 | D:15     | Found a staircase to the Depths.
 35143 | D:15     | Reached XP level 16. HP: 63/133 MP: 16/16
 35488 | D:15     | Reached skill level 5 in Evocations
 35593 | D:15     | Found an opulent altar of Gozag.
 36085 | D:14     | Bought a ring of poison resistance for 340 gold pieces
 36279 | Snake:1  | Entered Level 1 of the Snake Pit
 37800 | Snake:2  | Reached skill level 10 in Throwing
 38839 | Snake:2  | Reached XP level 17. HP: 146/146 MP: 15/17
 39304 | Snake:3  | Noticed Vashnia
 39989 | Snake:4  | Entered Level 4 of the Snake Pit
 40069 | Snake:3  | Reached skill level 19 in Armour
 40501 | Snake:2  | Killed Vashnia
 41320 | Snake:4  | Found Pirieg's Armour Emporium.
 42217 | Snake:4  | Got a serpentine rune of Zot
 42446 | Spider:1 | Entered Level 1 of the Spider Nest
 42748 | D:9      | Bought the ring of Keruenyi {*Corrode rElec rF+ Int+2 SInv}
                  | for 484 gold pieces
 42995 | Spider:1 | Noticed Nikola
 43012 | Spider:1 | Killed from afar by Nikola

Illustrated notes

Levels and vault maps discovered:
D:1:      nagdon_arrival_zigzag_paths, layout_basic
D:2:      layout_rooms, chequers_ecumenical_altar_island, lemuel_another_geyser
D:3:      layout_loops_cross, uniq_jessica, uniq_grinder, uniq_pargi,
          uniq_natasha
D:4:      layout_loops_corners, serial_co_window_serial,
          co_window_of_opportunity_a, co_window_paths_a, co_window_corner_a,
          co_window_cross_1, co_window_corner_a, co_window_unsneaky_path_c,
          co_window_of_opportunity_c, co_window_corner_b, co_window_cross_3,
          co_window_unsneaky_path_a, minmay_stone_trees_small, fountainhead,
          minmay_misc_feat_alley, small_statue_intersection,
          ebering_dispersal_statue_hall, corexii_leaking_fountain,
          nicolae_shop_gadgets
D:5:      layout_basic, serial_shops, nicolae_diamond_shop
D:6:      layout_gridville, nicolae_figureground_pulse, uniq_duvessa
D:7:      layout_loops_ring, minmay_temple_entry_drinking_statues, the_hattery
D:8:      layout_cave_pods, erik_lair_dragon
D:9:      layout_cave_pools, erik_orc_4, serial_shops, kennysheep_mini
D:10:     layout_rooms, chequers_temple_overflow_statue_of_worship,
          serial_shops, shop, serial_glass, glass_columns_c, glass_columns_b
D:11:     layout_basic, serial_shops, nicolae_shop_advertising_works
          [nicolae_subvault_shop_adworks],
          hellmonk_guarded_unrand_vitality_bloodlust
D:12:     layout_loops_corners, gammafunk_ghost_necromancy, serial_shops,
          nicolae_shop_waterfront
D:13:     layout_rooms, erik_vaults_1
D:14:     layout_cave_pools, serial_shops, nicolae_shop_hallway_plus,
          chequers_jeans, uniq_azrael, uniq_jorgrun, uniq_snorg
D:15:     gammafunk_depths_entry_grave, layout_cave_pods, serial_park,
          serial_park_avenue1, serial_park_tiny_2, serial_park_tiny_2,
          serial_park_square3 [serial_park_minivault_5x5_4]
Temple:   mainiacjoe_temple_big_plus
Lair:1:   layout_long_grid, grunt_megastairs_3
Lair:2:   layout_chaotic_city, minmay_snake_entry_six_corridors,
          gammafunk_ghost_hive, beast_lair_carwin_5
Lair:3:   layout_cave_pods, grunt_forest_stairs_basic, grunt_megastairs_4
Lair:4:   layout_gridlike, spider_nest_entry_web_field, special_room
          [special_room_mythical_zoo], kennysheep_snail_temple,
          serial_bayou_shore_b
Lair:5:   layout_cave_pods, minmay_slime_entry_pillars, special_room
          [special_room_bee], gauntlet_entry_generic, kennysheep_abandoned_house
Lair:6:   due_jungle_book, layout_cave_pods, portal_ice_cave_entry_pillars_1
Snake:1:  layout_honeycomb, st_stairs_9, grunt_ministairs_9, grunt_megastairs_1
Snake:2:  layout_grid_maze, drop_trap
Snake:3:  layout_gridlike, drop_trap, nrook_guardian_serpent_double,
          uniq_vashnia
Snake:4:  minmay_snake_end_coiled, layout_onion, minmay_shop_star
Spider:1: layout_spider_delve, special_room, uniq_nikola, uniq_aizul
Orc:1:    layout_diamond_mine, enter_volcano_3
Orc:2:    st_orc_pillars, layout_caves, serial_shops, shop, mines3_lemuel

Skill      XL: |  1  2  3  4  5  6  7  8  9 10 11 12 13 14 15 16 17 |
---------------+----------------------------------------------------+-----
Axes           | 4 5 7 8 9 12 14 16 18 | 18.0
Fighting       | 4 5 6 7 8 9 10 12 13 | 13.0
Armour         | 5 8 11 15 17 18 19 | 19.9
Shields        | 5 11 15 18 | 18.0
Throwing       | 2 6 8 10 12 | 12.3
Dodging        | 4 5 |  5.0
Evocations     | 4 7 9 |  9.0
Spellcasting   | |  1.0
Fire Magic     | |  2.1

Action                   |  1- 3 |  4- 6 |  7- 9 | 10-12 | 13-15 | 16-18 || total
-------------------------+-------+-------+-------+-------+-------+-------++-------
Melee: Hand axe          |    83 |   117 |   195 |   262 |   115 |       ||   772
       Headbutt          |     9 |    21 |    56 |   111 |   396 |   253 ||   846
       Punch             |       |     1 |     4 |     6 |       |       ||    11
       War axe           |       |       |     3 |       |       |       ||     3
       Broad axe         |       |       |   167 |   271 |  1447 |  1147 ||  3032
Throw: Dart              |       |       |     7 |     8 |     5 |       ||    20
       Throwing net      |       |       |       |       |     2 |       ||     2
       Javelin           |       |       |       |       |    17 |    24 ||    41
Invok: Fiery Armour      |       |       |       |       |     1 |       ||     1
Evoke: Wand              |       |       |     1 |    10 |    10 |     3 ||    24
       Tin of tremorston |       |       |       |       |     2 |     2 ||     4
  Use: Potion            |       |     3 |     3 |     1 |     7 |     3 ||    17
       Scroll            |       |       |     3 |    14 |     5 |     1 ||    23
 Stab: Paralysed         |       |       |     5 |     3 |       |       ||     8
       Invisible         |       |       |       |     3 |     3 |       ||     6
       Petrified         |       |       |       |       |     8 |       ||     8
       Held in net/web   |       |       |       |       |     2 |       ||     2
       Petrifying        |       |       |       |       |     1 |       ||     1
Armor: Robe              |     5 |       |       |       |       |       ||     5
       Leather armour    |    11 |    14 |       |       |       |       ||    25
       Chain mail        |       |    20 |   132 |    90 |       |       ||   242
       Plate armour      |       |       |       |    80 |   508 |   390 ||   978
Dodge: Dodged            |    48 |   100 |   215 |   351 |   722 |   355 ||  1791
       Repelled          |       |       |       |       |     8 |    42 ||    50
Block: Buckler           |       |       |       |    60 |   126 |       ||   186
       Tower shield      |       |       |       |       |   718 |   998 ||  1716

Table legend: (Time is in decaauts)
 A = Elapsed time spent in this place.
 B = Non-inter-level travel time spent in this place.
 C = Inter-level travel time spent in this place.
 D = Time resting spent in this place.
 E = Time spent auto-exploring this place.
 F = Levels seen in this place.
 G = Mean time per level.
                   A        B        C        D        E       F      G
               +--------+--------+--------+--------+--------+-----+--------+
         Total |  42568 |  38552 |   4016 |  10054 |  18897 |  32 | 1330.2 |
       Dungeon |  18410 |  16178 |   2232 |   3456 |   9167 |  15 | 1227.3 |
        Temple |    416 |    391 |     25 |      0 |    386 |   1 |  416.0 |
          Lair |  12295 |  11169 |   1126 |   3705 |   5173 |   6 | 2049.2 |
     Snake Pit |   5770 |   5273 |    497 |    649 |   2686 |   4 | 1442.5 |
   Spider Nest |     38 |     38 |      0 |      0 |      7 |   1 |   38.0 |
  Orcish Mines |   3221 |   3087 |    134 |    862 |   1282 |   2 | 1610.5 |
      Ice Cave |    981 |    981 |      0 |    703 |     21 |   1 |  981.0 |
       Volcano |    573 |    573 |      0 |    357 |      0 |   1 |  573.0 |
      Gauntlet |    860 |    860 |      0 |    319 |    174 |   1 |  860.0 |
               +--------+--------+--------+--------+--------+-----+--------+

Top non-repeatable levels by time:
  Lair:6: 3150 daAuts
  Lair:5: 2477 daAuts
  Lair:4: 2325 daAuts
     D:8: 2240 daAuts
 Snake:2: 2200 daAuts
  Lair:2: 1723 daAuts
   Orc:2: 1672 daAuts
   Orc:1: 1548 daAuts
     D:9: 1539 daAuts
     D:7: 1532 daAuts
     D:6: 1440 daAuts
     D:4: 1414 daAuts
  Lair:3: 1357 daAuts
 Snake:4: 1355 daAuts
    D:11: 1295 daAuts
